 Dungeon Crawl Stone Soup version 0.31-a0-37-g98a128e1d9 (webtiles) character file.

Game seed: 14842014402149330791

1625 BlueFish the Charlatan (level 8, -3/68 HPs)
             Began as a Black Draconian Artificer on May 15, 2023.
             Was a Follower of Qazlal.
             Slain by an iguana (5 damage)
             ... on level 6 of the Dungeon.
             The game lasted 00:12:50 (5651 turns).

BlueFish the Charlatan (Black Draconian Artificer)  Turns: 5651, Time: 00:12:51

Health: -3/68      AC: 10    Str: 15    XL:     8   Next: 65%
Magic:  11/11      EV: 12    Int: 14    God:    Qazlal [*.....]
Gold:   120        SH:  5    Dex: 11    Spells: 11/11 levels left

rFire   . . .        a - +2 short sword (drain)
rCold   . . .        A - +0 buckler
rNeg    . . .        (body armour unavailable)
rPois   .            (helmet restricted)
rElec   +            y - scarf {+Inv}
rCorr   .            g - +2 pair of gloves
SInv    .            h - +0 pair of boots
Will    .....        (no amulet)
Stlth   ++           r - ring of flight
HPRegen 0.31/turn    (no ring)
MPRegen 0.12/turn

%: no passive effects
@: flying
A: breathe lightning, AC +6, unfitting armour, electricity resistance,
cold-blooded
a: Breathe Lightning, Renounce Religion, Evoke Invisibility


You were on level 6 of the Dungeon.
You worshipped Qazlal.
Qazlal was aware of your devotion.
You visited 2 branches of the dungeon, and saw 7 of its levels.

You collected 329 gold pieces.
You spent 209 gold pieces at shops.

Inventory:

Hand Weapons
 a - a +2 short sword of draining (weapon)
 b - a +1 falchion of holy wrath
Armour
 g - a +2 pair of gloves (worn)
 h - a +0 pair of boots (worn)
 y - a scarf of invisibility (worn)
 A - a +0 buckler (worn)
Jewellery
 r - a ring of flight (left hand)
Wands
 c - a wand of charming (14)
 d - a wand of iceblast (4)
 v - a wand of flame (11) (quivered)
 x - a wand of mindburst (21)
Scrolls
 e - 2 scrolls of amnesia {unknown}
 f - 2 scrolls of noise {unknown}
 j - 6 scrolls of identify
 l - 2 scrolls of teleportation {unknown}
 o - 2 scrolls of fog {unknown}
 p - a scroll of magic mapping {unknown}
 t - 2 scrolls of poison {unknown}
 u - a scroll of vulnerability {unknown}
 z - a scroll of enchant armour {unknown}
 B - a scroll of blinking {unknown}
Potions
 i - a potion of invisibility {unknown}
 k - a potion of berserk rage {unknown}
 m - a potion of lignification {unknown}
 n - 4 potions of degeneration
 q - 2 potions of heal wounds {unknown}
 s - 2 potions of might {unknown}
 w - 2 potions of curing {unknown}
 C - 2 potions of magic {unknown}


   Skills:
 + Level 5.0 Fighting
 + Level 4.1 Short Blades
 + Level 4.6 Dodging
 + Level 4.4 Stealth
 + Level 2.4 Shields
 + Level 2.4 Spellcasting
 + Level 5.5 Evocations


You had 11 spell levels left.
You didn't know any spells.
Your spell library contained the following spells:

 Spells                   Type           Power      Damage    Failure   Level
 Apportation              Tloc           2%         N/A       30%         1
 Blink                    Tloc           2%         N/A       41%         2
 Ensorcelled Hibernation  Hex/Ice        2%         N/A       41%         2
 Lesser Beckoning         Tloc           2%         N/A       41%         2
 Momentum Strike          Conj/Tloc      2%         3d8       41%         2
 Ozocubu's Armour         Ice            1%         N/A       65%         3
 Spider Form              Tmut/Pois      1%         N/A       65%         3
 Anguish                  Hex/Necr       0%         N/A       96%         4
 Alistair's Intoxication  Tmut/Pois      0%         N/A       100%        5
 Ozocubu's Refrigeration  Ice            0%         4d7       100%        7


Dungeon Overview and Level Annotations

Branches:
Dungeon (6/15)             Temple (1/1) D:5

Altars:
Dithmenos
Fedhas
Gozag
Hepliaklqana
Makhleb
Nemelex Xobeh
Okawaru
Qazlal
Sif Muna
Trog
Vehumet
Wu Jian
Xom
Yredelemnul
Zin
The Shining One

Shops:
D:4 (   D:5 [[


Innate Abilities, Weirdness & Mutations

You can breathe wild blasts of lightning.
Your glossy black scales are hard. (AC +6)
You cannot fit into any form of body armour.
You are resistant to electric shocks. (rElec)
You are cold-blooded and may be slowed by cold attacks.


Message History

You hit something but do no damage.
You feel very sick. Something hits you but does no damage. The orc misses you.
You miss something.
Your tail-slap misses something.
You feel sick.
You hit something but do no damage.
Your tail-slap misses something.
You feel sick. You block something's attack.
The orc hits you with a +0 short sword.
You miss something.
You feel sick. The iguana completely misses you. Something hits you.
You are more poisoned.
The orc misses you. You block something's attack.
The iguana attacks as you move away! The iguana bites you.
You feel very sick.
You hear some strange, mumbled words.
Something tries to affect you, but you resist.
You feel very sick.
You feel sick.
You feel sick. The iguana attacks as you move away!
The iguana bites you but does no damage.
You feel sick.
You feel sick.
You feel sick.
You feel sick. The iguana attacks as you move away!
The iguana barely misses you.
You feel sick.
You feel sick.
You are no longer poisoned.
The iguana attacks as you move away! You block the iguana's attack.
You closely miss the iguana. You block the iguana's attack.
The orc priest calls down the wrath of Beogh upon you.
Beogh smites you!
* * * LOW HITPOINT WARNING * * *
Okay, then.
As you read the scroll labelled LIMILORURO, it crumbles to dust.
It is a scroll of identify.
n - 4 potions of degeneration The iguana bites you.
You die...

..##......##.#...................
#.##.)....##.....#.....o.........
#.##......##.....o######.....####
#.#######.........# #o......#
#.#### ####.....{# #....<..#
.....# #.....## #.......# ..##.#
#####o# ##.....## ..##.### #l#
##...### #.)....# #@# #...#.##
####.#.#########.##### ##.#.#.##
.....#.....[.........#####..###..
.....##########.####.......#.#.##
###### #.##......#####.##
#.##.#....#####.#
#.##.#.#........#
##......#####.#### # #.......#
#.# ##


You could see an iguana, an orc priest (very drained) and an orc.

Vanquished Creatures
  A hornet (D:5)
  A wyvern (D:5)
  Menkaure (D:4)
  2 water moccasins (D:5)
  A black bear (D:6)
  An ogre (D:5)
  A centaur (D:6)
  A hound (D:5)
  5 orc priests
  3 sleepcaps
  An iguana (D:5)
  2 orc wizards
  9 gnolls
  8 adders
  3 ufetubi
  4 worms
  4 dart slugs
  20 orcs
  7 ball pythons
  7 endoplasms
  3 giant cockroaches
  6 hobgoblins
  7 quokkas
  10 bats
  2 frilled lizards (D:1)
  6 goblins
  5 kobolds
  7 rats
  A spectral goblin (D:5)
129 creatures vanquished.

Vanquished Creatures (collateral kills)
  2 hounds (D:5)
  An orc wizard (D:5)
  An adder (D:5)
  A shadow imp (D:5)
  An ufetubus (D:5)
  An orc (D:5)
7 creatures vanquished.

Grand Total: 136 creatures vanquished

Notes
Turn   | Place    | Note
-------+----------+-------------------------------------------
     0 | D:1      | BlueFish the Draconian Artificer began the quest for the
                  | Orb.
     0 | D:1      | Reached XP level 1. HP: 16/16 MP: 1/1
    47 | D:1      | Reached skill level 1 in Stealth
   237 | D:1      | Reached XP level 2. HP: 21/23 MP: 2/2
   556 | D:1      | Noticed an eye of devastation
   558 | D:1      | Noticed a golden eye
   568 | D:1      | Found a faded altar of an unknown god.
   597 | D:1      | Noticed an eye of devastation
   601 | D:1      | Noticed a golden eye
   655 | D:1      | Reached XP level 3. HP: 29/29 MP: 3/3
  1138 | D:2      | Reached XP level 4. HP: 36/36 MP: 4/4
  1824 | D:3      | Reached skill level 1 in Short Blades
  2223 | D:3      | Reached XP level 5. HP: 32/42 MP: 5/5
  2408 | D:3      | Found a bloodstained altar of Trog.
  2957 | D:4      | Found an ornate altar of the Wu Jian Council.
  2958 | D:4      | Found a sparkling altar of Nemelex Xobeh.
  2998 | D:4      | Noticed Menkaure
  3009 | D:4      | Killed Menkaure
  3010 | D:4      | Reached XP level 6. HP: 14/51 MP: 6/6
  3158 | D:4      | Found an iron altar of Okawaru.
  3462 | D:4      | Found Nanug's Antique Weapon Shop.
  3598 | D:5      | Entered Level 5 of the Dungeon
  3598 | D:5      | Found Toaneh's Antique Armour Boutique.
  3605 | D:5      | Bought an embroidered scarf for 160 gold pieces
  3972 | D:5      | Your scales start taking on a glossy black colour.
  3972 | D:5      | Reached XP level 7. HP: 37/58 MP: 7/7
  3972 | D:5      | Gained mutation: You are resistant to electric shocks.
                  | (rElec) [Black Draconian growth]
  4097 | D:5      | Found Aruchouh's Armour Boutique.
  4130 | D:5      | Bought a +0 buckler for 49 gold pieces
  4138 | D:5      | Found a staircase to the Ecumenical Temple.
  4149 | Temple   | Entered the Ecumenical Temple
  4168 | Temple   | Became a worshipper of Qazlal Stormbringer
  4246 | D:5      | Noticed a wyvern
  4309 | D:5      | Killed a wyvern
  4310 | D:5      | Reached skill level 1 in Shields
  4310 | D:5      | Reached skill level 1 in Spellcasting
  4467 | D:5      | Found a hazy altar of Hepliaklqana.
  4588 | D:5      | Reached skill level 5 in Evocations
  4588 | D:5      | Reached XP level 8. HP: 28/67 MP: 8/10
  4931 | D:5      | Noticed a hornet
  4974 | D:5      | Killed a hornet
  5098 | D:5      | Found a glowing silver altar of Zin.
  5468 | D:6      | Reached * piety under Qazlal
  5478 | D:6      | Reached skill level 5 in Fighting
  5650 | D:6      | HP: 2/68 [orc priest/divine providence (14)]
  5651 | D:6      | Slain by an iguana

Illustrated notes

Levels and vault maps discovered:
D:1:      dpeg_arrival_subterranean_lakeside_camping, layout_basic,
          hellmonk_ecumenical_altar_watching_god, nrook_loot_triangle
D:2:      layout_loops_ring
D:3:      layout_basic, mainiacjoe_overflow_paths, dk_noncrumbling_2
D:4:      layout_loops_ring, mainiacjoe_overflow_24_doors,
          nicolae_overflow_two_pavilions, serial_shops, shop, uniq_menkaure
D:5:      cheibrodos_barr_body, layout_gridville,
          nicolae_hepliaklqana_monster_ancestors,
          nicolae_overflow_hidden_temple, minmay_temple_entry_gardened_gates,
          serial_shops, nicolae_stop_n_shop_1, shop
D:6:      layout_loops_cross
Temple:   chequers_temple_sunken

Skill      XL: |  1  2  3  4  5  6  7  8 |
---------------+-------------------------+-----
Stealth        | 1 2 3 4 |  4.4
Fighting       | 2 3 4 5 |  5.0
Short Blades   | 1 2 3 4 |  4.1
Dodging        | 3 4 |  4.6
Evocations     | 4 5 |  5.5
Shields        | 1 2 |  2.4
Spellcasting   | 1 2 |  2.4

Action                     |  1- 3 |  4- 6 |  7- 9 || total
---------------------------+-------+-------+-------++-------
  Melee: Club              |    49 |       |       ||    49
         Tailslap          |    15 |    32 |    19 ||    66
         Mace              |    45 |       |       ||    45
         Punch             |     4 |       |       ||     4
         Short sword       |    60 |   242 |   168 ||   470
         Falchion          |       |     6 |    12 ||    18
Ability: Breathe Lightning |       |       |     1 ||     1
  Evoke: Wand              |       |       |     6 ||     6
    Use: Scroll            |       |       |     1 ||     1
   Stab: Sleeping          |     6 |     9 |     1 ||    16
         Distracted        |       |     2 |       ||     2
 Armour: Skin              |    62 |    86 |    67 ||   215
  Dodge: Dodged            |   109 |   115 |   105 ||   329
  Block: Buckler           |       |       |    25 ||    25

Table legend: (Time is in decaauts)
 A = Elapsed time spent in this place.
 B = Non-inter-level travel time spent in this place.
 C = Inter-level travel time spent in this place.
 D = Time resting spent in this place.
 E = Time spent auto-exploring this place.
 F = Levels seen in this place.
 G = Mean time per level.
                   A        B        C        D        E       F      G
               +--------+--------+--------+--------+--------+-----+--------+
         Total |   5644 |   5473 |    171 |    107 |   3862 |   7 |  806.3 |
       Dungeon |   5607 |   5454 |    153 |    107 |   3854 |   6 |  934.5 |
        Temple |     37 |     19 |     18 |      0 |      8 |   1 |   37.0 |
               +--------+--------+--------+--------+--------+-----+--------+

Top non-repeatable levels by time:
     D:5: 1475 daAuts
     D:3: 1071 daAuts
     D:1: 925 daAuts
     D:4: 893 daAuts
     D:2: 730 daAuts
     D:6: 510 daAuts
  Temple: 37 daAuts
